[Event "Turkish Cup 2022"]
[Site "Sakarya"]
[Date "2022.03.29"]
[Round "7.25"]
[White "Akin, Kadir"]
[Black "Melik, Enes"]
[Result "1-0"]
[ECO "A00"]
[WhiteElo "1964"]
[BlackElo "1592"]
[Annotator "TA"]
[PlyCount "153"]
[EventDate "2022.03.25"]
[EventType "swiss"]
[EventCountry "TUR"]
[SourceTitle "playchess.com"]
[Source "ChessBase"]
[SourceQuality "1"]
[TimeControl "5400+30"]

1. Nh3 f5 2. g3 e6 3. f4 Nf6 4. d3 d5 5. Bg2 Bd6 6. Nf2 O-O 7. O-O e5 8. c4 dxc4 9. dxc4 e4 10. Be3 Na6 11. Qc2 Qe7 12. a3 Bd7 13. Rd1 Bc5 14. Bxc5 Nxc5 15. Nc3 Be6 16. b3 Rad8 17. e3 h5 18. Bf1 h4 19. Be2 Qf7 20. Nh3 hxg3 21. hxg3 Ng4 22. Bxg4 fxg4 23. Ng5 Qg6 24. b4 Nd3 25. Ncxe4 Bf5 26. Rxd3 Bxe4 27. Nxe4 Qxe4 28. Rad1 c6 29. c5 Rd5 30. Qg2 Qxd3 31. Rxd3 Rxd3 32. Qe4 Rxa3 33. Qe6+ Kh8 34. Qe7 Kg8 35. Qe6+ Kh8 36. Qxg4 Rxe3 37. Kf2 Rfe8 38. Qh3+ Kg8 39. Qd7 R3e7 40. Qd3 Re2+ 41. Kf1 R2e3 42. Qc4+ Kf8 43. Kg2 R8e4 44. Qc1 Re1 45. Qa3 a6 46. Kf3 Re7 47. Qd3 Re8 48. Kg4 R1e4 49. Qc3 Re3 50. Qd2 R3e4 51. Kg5 Kf7 52. g4 R8e7 53. f5 R4e5 54. Qh2 Re8 $2 {[%emt 0:00:33][%mdl 8192] [#]} (54... R7e6 $1 $11 {and Black has nothing to worry.}) 55. Qh5+ $1 $18 Ke7 56. Qh7 $2 ({Only move:} 56. Kg6 $18 Kd7 57. Kxg7) 56... Kf7 $1 $11 57. Qh5+ $2 (57. Qh1 $11) 57... Ke7 $1 $18 58. Kg6 Rg8 59. Qg5+ (59. Qh2 $142 Re4 60. Qc7+ Ke8 61. Qc8+ Ke7 62. Qxb7+ Kd8 63. Qb8+ Kd7 64. Qd6+ Ke8 65. Qxc6+ Kd8 66. Qxe4) 59... Kd7 $18 60. Qf4 Rge8 61. Qd4+ Kc8 62. Kxg7 Re4 63. Qd1 Rxb4 (63... R4e7+ $142 64. Kf6 Re4) 64. f6 $18 Rf4 65. g5 Rd8 66. Qc1 Rd7+ 67. Kg6 Rf2 68. Qe3 Rf1 69. Qe2 Rf4 70. Qe8+ Rd8 71. Qe6+ (71. f7 $142 Rf1 72. Kh5 Rh1+ 73. Kg4 Rg1+ 74. Kf3 Rf1+ 75. Kg2 Rfd1 76. g6 R1d2+ 77. Kh3 R2d3+ 78. Kh4 R3d4+ 79. Kg5) 71... Rd7 $18 72. f7 a5 73. Qe8+ Rd8 74. Qe3 Rb4 75. Qe6+ Kc7 76. Qe7+ Rd7 77. Qe5+ 1-0

[Event "Turkish Cup 2022"]
[Site "Sakarya"]
[Date "2022.03.29"]
[Round "7.26"]
[White "Kocakaplan, Emre"]
[Black "Dolek, Gokalp Deniz"]
[Result "0-1"]
[ECO "D45"]
[WhiteElo "1846"]
[BlackElo "1520"]
[Annotator "NA"]
[PlyCount "126"]
[EventDate "2022.03.25"]
[EventType "swiss"]
[EventCountry "TUR"]
[SourceTitle "playchess.com"]
[Source "ChessBase"]
[SourceQuality "1"]
[TimeControl "5400+30"]

1. c4 e6 2. Nc3 d5 3. e3 Nf6 4. Nf3 c6 5. b3 Nbd7 6. Bb2 Be7 7. Be2 O-O 8. O-O b6 9. d4 Bb7 10. Qc2 Rc8 11. Rfd1 Qc7 12. Rac1 Rfd8 13. Qb1 Qb8 14. h3 c5 15. cxd5 Nxd5 16. Nxd5 Bxd5 17. Bd3 h6 18. e4 Bb7 19. d5 exd5 20. exd5 Qd6 21. Bh7+ Kf8 22. Bf5 Bf6 23. Bxd7 Rxd7 24. Bxf6 Qxf6 25. Qh7 Ke7 26. Ne5 Rxd5 27. Rxd5 Bxd5 28. Re1 Kd6 29. Qd3 Rd8 30. Ng4 Qg5 31. Qg3+ Kc6 32. h4 Qd2 33. Re7 Be6 34. Ne5+ Kb5 35. Rxa7 Rd5 36. Nc4 Qe1+ 37. Kh2 Rd1 38. Na3+ Kc6 39. Rc7+ Kd5 40. Qf3+ Ke5 41. Nc2 Qh1+ 42. Kg3 g5 43. hxg5 hxg5 44. Qc3+ Kd6 45. Rb7 Qh4+ 46. Kf3 Bd5+ 47. Ke2 Qg4+ 48. f3 Qxg2+ 49. Kxd1 Qxf3+ 50. Qxf3 Bxf3+ 51. Kd2 Bxb7 52. Ne3 Bd5 53. Kd3 Be6 54. Ke4 f6 55. Nd1 f5+ 56. Kf3 Ke5 57. Ke3 f4+ 58. Kd3 g4 59. Nc3 g3 60. Ke2 c4 61. b4 Bg4+ 62. Kf1 f3 63. a4 Bh3+ 0-1

[Event "Turkish Cup 2022"]
[Site "Sakarya"]
[Date "2022.03.29"]
[Round "7.27"]
[White "Sahin, Fehim"]
[Black "Isik, Kadri"]
[Result "1-0"]
[ECO "A03"]
[WhiteElo "1648"]
[BlackElo "1858"]
[Annotator "COMBH"]
[PlyCount "36"]
[EventDate "2022.03.25"]
[EventType "swiss"]
[EventCountry "TUR"]
[SourceTitle "playchess.com"]
[Source "ChessBase"]
[SourceQuality "1"]
[TimeControl "5400+30"]

1. f4 c5 2. Nf3 d5 3. g3 g6 4. Bg2 Bg7 5. O-O Nf6 6. d3 O-O 7. Ne5 Nc6 8. Nxc6 bxc6 9. e4 e5 10. Nc3 exf4 11. gxf4 Ng4 12. Qf3 Bd4+ 13. Kh1 Qh4 14. h3 Nf2+ 15. Kh2 Rb8 16. f5 gxf5 17. exf5 h5 18. Qg3+ Ng4+ 1-0

[Event "Turkish Cup 2022"]
[Site "Sakarya"]
[Date "2022.03.29"]
[Round "7.28"]
[White "Er, Mira"]
[Black "Unesi, Erdal"]
[Result "0-1"]
[ECO "B43"]
[WhiteElo "1415"]
[BlackElo "1861"]
[Annotator "NA"]
[PlyCount "68"]
[EventDate "2022.03.25"]
[EventType "swiss"]
[EventCountry "TUR"]
[SourceTitle "playchess.com"]
[Source "ChessBase"]
[SourceQuality "1"]
[TimeControl "5400+30"]

1. e4 c5 2. Nf3 e6 3. d4 cxd4 4. Nxd4 a6 5. Nc3 Qc7 6. g3 Bb4 7. Bd2 Nc6 8. Nb3 Nf6 9. Bg2 Ne5 10. a3 Be7 11. Bf4 d6 12. Bxe5 dxe5 13. Qe2 b5 14. O-O O-O 15. Rfd1 Bb7 16. Rd3 Rfd8 17. Rad1 Rac8 18. R1d2 h6 19. Qd1 Rxd3 20. Rxd3 Qb6 21. h3 a5 22. Qe2 b4 23. Nb5 a4 24. Nd2 Ba6 25. c4 bxc3 26. Nxc3 Qxb2 27. Ncb1 Bxd3 28. Qxd3 Rd8 29. Qc4 Rxd2 30. Nxd2 Qxd2 31. Qxa4 Qe1+ 32. Kh2 Qxf2 33. Qc6 Bc5 34. Qa8+ Kh7 0-1

[Event "Turkish Cup 2022"]
[Site "Sakarya"]
[Date "2022.03.29"]
[Round "7.29"]
[White "Bagci, Hikmet"]
[Black "Anacak, Hasan Gunes"]
[Result "1-0"]
[ECO "B68"]
[WhiteElo "1630"]
[BlackElo "1798"]
[Annotator "COMBH"]
[PlyCount "93"]
[EventDate "2022.03.25"]
[EventType "swiss"]
[EventCountry "TUR"]
[SourceTitle "playchess.com"]
[Source "ChessBase"]
[SourceQuality "1"]
[TimeControl "5400+30"]

1. e4 c5 2. Nf3 d6 3. d4 cxd4 4. Nxd4 Nf6 5. Nc3 Nc6 6. Bg5 e6 7. Qd2 a6 8. O-O-O Bd7 9. Be2 b5 10. f4 Be7 11. Nxc6 Bxc6 12. Bxf6 gxf6 13. Bf3 Qb6 14. Kb1 O-O-O 15. Rhe1 Rd7 16. Ne2 Rc7 17. Nd4 Bd7 18. f5 e5 19. Ne2 b4 20. Qd5 Be8 21. Rc1 Kb8 22. c3 Bf8 23. cxb4 Bc6 24. Qd2 h5 25. Rc3 Bh6 26. Qd1 h4 27. Ka1 Rd8 28. a3 Rcd7 29. Qc2 Bb7 30. Rd1 Be3 31. Rdd3 Bg1 32. h3 Bf2 33. Rc4 d5 34. exd5 Bxd5 35. Bxd5 Rxd5 36. Rxd5 Rxd5 37. Rc8+ Kb7 38. Rf8 Qd6 39. Rxf7+ Kb8 40. Nc3 Rd2 41. Qa4 Bb6 42. Qxa6 Bc7 43. Qb5+ Ka8 44. Qc4 Kb8 45. Nb5 Rd1+ 46. Ka2 Rc1 47. Nxd6 1-0

[Event "Turkish Cup 2022"]
[Site "Sakarya"]
[Date "2022.03.29"]
[Round "7.30"]
[White "Demirag, Gokhan"]
[Black "Surucu, Efe Mustafa"]
[Result "1-0"]
[ECO "E90"]
[WhiteElo "1946"]
[BlackElo "1598"]
[Annotator "NA"]
[PlyCount "80"]
[EventDate "2022.03.25"]
[EventType "swiss"]
[EventCountry "TUR"]
[SourceTitle "playchess.com"]
[Source "ChessBase"]
[SourceQuality "1"]
[TimeControl "5400+30"]

1. Nf3 Nf6 2. c4 g6 3. Nc3 Bg7 4. e4 d6 5. d4 Nc6 6. h3 O-O 7. Bg5 h6 8. Be3 e5 9. d5 Ne7 10. Qd2 Kh7 11. g4 Ne8 12. Bd3 a6 13. O-O-O b5 14. c5 dxc5 15. Bxc5 Nd6 16. Rhg1 b4 17. Bxb4 a5 18. Bc5 a4 19. h4 Ba6 20. Bxa6 Rxa6 21. Qe2 Ra8 22. Nd2 Nec8 23. h5 g5 24. Nc4 Re8 25. Ne3 Nb6 26. Bxd6 cxd6 27. Rd2 Nd7 28. Rc2 Nc5 29. Kd2 Rb8 30. Rd1 Rb4 31. Ke1 Qb6 32. Rdd2 Rb8 33. Kf1 Qd8 34. Qf3 Qa5 35. Qxf7 Rf8 36. Qg6+ Kh8 37. Nf5 Rb7 38. Qxd6 Rb6 39. Qc7 Qa6+ 40. Kg2 Kg8 1-0

[Event "Turkish Cup 2022"]
[Site "Sakarya"]
[Date "2022.03.29"]
[Round "7.31"]
[White "Kilic, Nurullah"]
[Black "Ozcan, Kadir Kutay"]
[Result "0-1"]
[ECO "B70"]
[WhiteElo "1171"]
[BlackElo "1878"]
[Annotator "NA"]
[PlyCount "122"]
[EventDate "2022.03.25"]
[EventType "swiss"]
[EventCountry "TUR"]
[SourceTitle "playchess.com"]
[Source "ChessBase"]
[SourceQuality "1"]
[TimeControl "5400+30"]

1. e4 c5 2. Nf3 d6 3. d4 cxd4 4. Nxd4 Nf6 5. Nc3 g6 6. Be3 a6 7. Be2 Bg7 8. Qd2 h5 9. h3 Nbd7 10. Nb3 b5 11. f3 Bb7 12. a3 Rc8 13. O-O Ne5 14. Rad1 O-O 15. Bd4 Nc4 16. Bxc4 Rxc4 17. Qe3 Qa8 18. Na5 Rcc8 19. e5 dxe5 20. Bxe5 Rfd8 21. Qb6 Bd5 22. Bxf6 Bxf6 23. Nxd5 Rxd5 24. c3 Rcd8 25. Rxd5 Rxd5 26. Qc6 Qa7+ 27. Kh1 Rd2 28. Nb7 Kg7 29. b4 Qe3 30. Nc5 Be5 31. Qe4 Qxe4 32. fxe4 Ra2 33. Nxa6 Rxa3 34. Nc5 Bxc3 35. Rb1 Ra1 36. Rxa1 Bxa1 37. g3 Bc3 38. Nd3 f5 39. exf5 gxf5 40. Nf4 Bxb4 41. Ne6+ Kf6 42. Nc7 Bd6 43. Nxb5 Bxg3 44. Kg2 h4 45. Nc3 Be1 46. Nd5+ Kf7 47. Kf3 e5 48. Ne3 Ke6 49. Ng2 e4+ 50. Ke2 Bg3 51. Ne3 Bf4 52. Nc4 Bg5 53. Kf2 f4 54. Nb2 Kd5 55. Nd1 Bf6 56. Ke2 Bd4 57. Kf1 Kc4 58. Ke2 Kb3 59. Kd2 f3 60. Ke1 Kc2 61. Nf2 Bxf2+ 0-1

[Event "Turkish Cup 2022"]
[Site "Sakarya"]
[Date "2022.03.29"]
[Round "7.32"]
[White "Kilic, Cihan"]
[Black "Ulku, Ahmet"]
[Result "1/2-1/2"]
[ECO "A48"]
[WhiteElo "1874"]
[BlackElo "1284"]
[Annotator "COMBH"]
[PlyCount "122"]
[EventDate "2022.03.25"]
[EventType "swiss"]
[EventCountry "TUR"]
[SourceTitle "playchess.com"]
[Source "ChessBase"]
[SourceQuality "1"]
[TimeControl "5400+30"]

1. d4 Nf6 2. Nf3 g6 3. Bf4 Bg7 4. Nbd2 d6 5. e3 O-O 6. h3 Nbd7 7. Bc4 b6 8. O-O Bb7 9. a4 a5 10. c3 Re8 11. Qb3 e6 12. Rae1 Ne4 13. Nxe4 Bxe4 14. Nd2 Bb7 15. e4 Nf6 16. Bg5 h6 17. Bh4 Qd7 18. f4 Bc6 19. Bb5 Bxb5 20. axb5 d5 21. e5 a4 22. Qc2 Nh7 23. c4 dxc4 24. Qxc4 Ra5 25. Rc1 Qxb5 26. Qxc7 Qxb2 27. Nc4 Qxd4+ 28. Bf2 Qd5 29. Nxa5 bxa5 30. Rc5 Qd2 31. Rxa5 Qb4 32. Bc5 Qb3 33. Ra7 Kh8 34. Qxf7 Rg8 35. Bd6 Qg3 36. Qxe6 Qe3+ 37. Kh1 Qxa7 38. Qxg6 Qb7 39. Rf3 Bf8 40. Qe6 Qb2 41. g4 Qe2 42. Qd5 Bxd6 43. exd6 Nf6 44. Qd3 Qe1+ 45. Rf1 Qe4+ 46. Qxe4 Nxe4 47. Ra1 Nc5 48. Rc1 Nd3 49. Rc7 Nxf4 50. d7 Ne6 51. Rc6 Nd8 52. Rxh6+ Kg7 53. Ra6 Kf7 54. Rxa4 Ke7 55. Kg2 Kxd7 56. Kg3 Ke6 57. h4 Nf7 58. Kf4 Kf6 59. g5+ Kg6 60. Ra6+ Kh5 61. Ra7 Nxg5 1/2-1/2

[Event "Turkish Cup 2022"]
[Site "Sakarya"]
[Date "2022.03.29"]
[Round "7.33"]
[White "Zuberoglu, Ibrahim Berk"]
[Black "Avsar, Gediz"]
[Result "1/2-1/2"]
[ECO "A24"]
[WhiteElo "1780"]
[BlackElo "1506"]
[Annotator "COMBH"]
[PlyCount "91"]
[EventDate "2022.03.25"]
[EventType "swiss"]
[EventCountry "TUR"]
[SourceTitle "playchess.com"]
[Source "ChessBase"]
[SourceQuality "1"]
[TimeControl "5400+30"]

1. Nf3 Nf6 2. g3 g6 3. Bg2 Bg7 4. O-O O-O 5. c4 d6 6. Nc3 e5 7. d3 c6 8. Rb1 a5 9. a3 h6 10. b4 axb4 11. axb4 Be6 12. b5 Qc7 13. Nd2 Nbd7 14. Bb2 Nc5 15. Ra1 Nfd7 16. Qc2 Rxa1 17. Rxa1 f5 18. Nb3 Nxb3 19. Qxb3 Nc5 20. Qa2 e4 21. dxe4 Qf7 22. bxc6 fxe4 23. cxb7 Qxf2+ 24. Kh1 Nxb7 25. Rf1 Qd4 26. Rxf8+ Bxf8 27. Qb1 Bg7 28. Na4 Qxc4 29. Bxg7 Qxa4 30. Bxh6 d5 31. h4 Qd7 32. Qb4 Nd6 33. Qb8+ Kh7 34. Bf4 Nf7 35. Qb2 Qe7 36. Kh2 Qd8 37. Qd4 Qe7 38. Bd2 Nh6 39. Bc3 Qf8 40. Kg1 Nf5 41. Qe5 Qg7 42. Qxg7+ Nxg7 43. Kf2 Nf5 44. e3 g5 45. hxg5 Kg6 46. Bf6 1/2-1/2

[Event "Turkish Cup 2022"]
[Site "Sakarya"]
[Date "2022.03.29"]
[Round "7.36"]
[White "Kurtyilmaz, Kuzey"]
[Black "Danaci, Ege"]
[Result "1-0"]
[ECO "B38"]
[WhiteElo "1394"]
[BlackElo "2264"]
[Annotator "NA"]
[PlyCount "69"]
[EventDate "2022.03.25"]
[EventType "swiss"]
[EventCountry "TUR"]
[SourceTitle "playchess.com"]
[Source "ChessBase"]
[SourceQuality "1"]
[TimeControl "5400+30"]

1. e4 c5 2. Nf3 Nc6 3. d4 cxd4 4. Nxd4 g6 5. c4 Bg7 6. Be3 d6 7. Nc3 Nxd4 8. Bxd4 Nf6 9. Be2 O-O 10. O-O Be6 11. Qd2 Rc8 12. b3 Nd7 13. Bxg7 Kxg7 14. Qd4+ f6 15. Qxa7 Nc5 16. Qa3 Bd7 17. b4 Ne6 18. Rfd1 Nf4 19. Bf1 f5 20. exf5 Bxf5 21. Nd5 Nxd5 22. Rxd5 Qb6 23. Qb2+ Rf6 24. a4 Be4 25. a5 Qa7 26. Qd4 Qxd4 27. Rxd4 Bc6 28. b5 Be8 29. g3 e5 30. Rd2 Rf3 31. Bg2 Rc3 32. a6 bxa6 33. bxa6 R8xc4 34. a7 Rc1+ 35. Rd1 1-0

[Event "Turkish Cup 2022"]
[Site "Sakarya"]
[Date "2022.03.29"]
[Round "7.37"]
[White "Kul, Ozdemir Efe"]
[Black "Ozates, Veysel"]
[Result "1-0"]
[ECO "A07"]
[WhiteElo "2042"]
[BlackElo "1645"]
[Annotator "TA"]
[PlyCount "161"]
[EventDate "2022.03.25"]
[EventType "swiss"]
[EventCountry "TUR"]
[SourceTitle "playchess.com"]
[Source "ChessBase"]
[SourceQuality "1"]
[TimeControl "5400+30"]

1. Nf3 d5 2. g3 Nf6 3. Bg2 c6 4. O-O Bf5 5. d3 Nbd7 6. Nc3 e5 7. Re1 Qc7 8. h3 Rd8 9. a3 h6 10. e3 Be7 11. b3 O-O 12. Bb2 Rfe8 13. Nd2 Bg6 14. e4 d4 15. Ne2 c5 16. f4 exf4 17. gxf4 Nf8 18. Rf1 Bh5 19. Nf3 Ng6 20. Bc1 Nd7 21. Ng3 Bxf3 22. Qxf3 Nf6 23. Nf5 Bf8 24. Rf2 Ne7 25. Nh4 Ng6 26. Nxg6 fxg6 27. e5 Nd5 28. Qg4 Qf7 29. Be4 Ne7 30. Rg2 Kh7 31. h4 Kh8 32. Bxb7 h5 33. Qg5 Kh7 34. Be4 Nf5 35. Bxf5 gxf5 36. Bd2 Rb8 37. Kh2 Re6 38. Rag1 g6 39. Qg3 Qb7 40. Re2 Be7 41. Kh3 Bd8 42. Qe1 Be7 43. Reg2 Qd5 44. Qe2 Kh6 45. Be1 Qc6 46. a4 Qd5 47. Rg3 Qd8 48. Qg2 Qb6 49. Ba5 Qc6 50. Qe2 Qd5 51. Be1 $2 (51. Qf3 $16 Qxf3 52. Rxf3) 51... Qc6 $2 ({Better is} 51... Qd8 $1 $11) 52. Bf2 Qd5 53. Ra1 a5 (53... Rg8 $16 {was called for.} 54. Rag1 Qc6) 54. Rag1 $18 Qc6 55. Be1 Bd8 56. Bd2 Qa6 57. Qe1 Rb7 58. Qf2 Qc6 59. Rc1 Qb6 60. Qg2 Rb8 61. Qd5 Qc6 62. Qxc6 Rxc6 63. c3 Rbc8 {[%emt 0:00:51] [#]} (63... Rc7 $16 {was worth a try.}) 64. cxd4 $1 $18 cxd4 {[%emt 0:00:16] [#]} 65. Rgg1 $2 (65. Rc4 $1 $18 ) 65... Kg7 $2 (65... Rc2 $1 $11) 66. Kg3 $2 (66. Rxc6 $18 Rxc6 67. Rc1) 66... Kf7 $2 (66... Rc2 $11 {and Black stays safe.}) 67. Rc4 Rxc4 68. dxc4 ({Weaker is} 68. bxc4 Rb8 $11) 68... Rb8 69. Rb1 Ke6 70. Kf3 (70. Be1 $18) 70... Kd7 (70... Bxh4 $16 71. Bxa5 g5) 71. Ke2 Bb6 $2 (71... Bxh4 72. Bxa5 g5) 72. c5 $18 Bc7 73. Kd3 Kc6 74. Kc4 d3 75. Rg1 Rg8 76. Rg3 Bd8 77. Rxd3 Be7 78. Bxa5 Bxc5 79. b4 Bf2 80. b5+ Kb7 81. Bd8 1-0

[Event "Turkish Cup 2022"]
[Site "Sakarya"]
[Date "2022.03.29"]
[Round "7.38"]
[White "Demirag, Batuhan"]
[Black "Unsal, Gorkem"]
[Result "1/2-1/2"]
[ECO "B30"]
[WhiteElo "1923"]
[BlackElo "1672"]
[Annotator "TA"]
[PlyCount "68"]
[EventDate "2022.03.25"]
[EventType "swiss"]
[EventCountry "TUR"]
[SourceTitle "playchess.com"]
[Source "ChessBase"]
[SourceQuality "1"]
[TimeControl "5400+30"]

1. e4 c5 2. Nf3 Nc6 3. Bb5 e5 4. Bxc6 dxc6 5. d3 Bd6 6. h3 Ne7 7. Be3 O-O 8. g4 Ng6 9. Nc3 Be6 10. Qd2 b5 11. Ne2 c4 12. d4 f6 (12... Qf6 $17 13. Neg1 Qe7) 13. c3 (13. dxe5 $11 fxe5 14. Ng5) 13... Bf7 (13... Qe7 $15) 14. h4 Re8 (14... Qe7 $15 {should be considered.}) 15. O-O-O Nf4 16. Bxf4 (16. dxe5 $15 Nd3+ 17. Kb1 Bxe5 18. Nxe5 Nxe5 19. Qxd8 Raxd8 20. Rxd8 Rxd8 21. f4 Nxg4 22. Bxa7) 16... exf4 $17 17. e5 Bd5 18. Rh3 ({Don't blunder} 18. Qxf4 $2 fxe5 19. dxe5 Rf8 20. Rxd5 (20. Qh2 $2 Bxf3 21. Rhe1 Qa5 $19) 20... Rxf4 21. Rxd6 Qf8 22. Nxf4 Qxf4+ 23. Nd2 Qxf2) 18... fxe5 19. Nxe5 Bxe5 (19... Bg2 $17 20. Rh2 Bxe5 21. dxe5 Qxd2+ 22. Rxd2 Rxe5 $1 23. Rxg2 f3) 20. dxe5 $15 Rxe5 21. Nxf4 Qa5 (21... Qf8 $5 ) 22. a3 Rae8 23. g5 Be4 24. h5 (24. Re3 $11) 24... Bf5 ({Don't play} 24... Rxg5 25. h6 (25. Qd7 Rge5 $11) 25... Rge5 26. hxg7 $11) ({Black should try} 24... Qc7 $1 $15 25. g6 Rf5) 25. Rg3 (25. Re3 $11 Rxe3 26. fxe3) 25... Qa4 (25... Qc7 $1 $15 {stays ahead.} 26. g6 h6) 26. Re3 $16 Rxe3 27. fxe3 Qb3 $2 (27... Qa6 $16) 28. e4 $1 $18 Bxe4 29. Re1 g6 {[%emt 0:00:00] [#]} 30. hxg6 $2 (30. Rxe4 $1 {[%mdl 512] mates} Rxe4 31. Qd8+ Kf7 32. hxg6+ hxg6 33. Qf6+ Ke8 34. Qxc6+ Kd8 35. Qxe4) 30... hxg6 $11 31. Rxe4 Rxe4 32. Qd8+ Kh7 33. Qd7+ Kg8 34. Qd8+ Kh7 1/2-1/2

[Event "Turkish Cup 2022"]
[Site "Sakarya"]
[Date "2022.03.29"]
[Round "7.39"]
[White "Isbilir, Okan"]
[Black "Hatipoglu, Metin"]
[Result "1-0"]
[ECO "E08"]
[WhiteElo "1915"]
[BlackElo "1579"]
[Annotator "NA"]
[PlyCount "71"]
[EventDate "2022.03.25"]
[EventType "swiss"]
[EventCountry "TUR"]
[SourceTitle "playchess.com"]
[Source "ChessBase"]
[SourceQuality "1"]
[TimeControl "5400+30"]

1. d4 d5 2. c4 e6 3. g3 Nf6 4. Bg2 Be7 5. Nf3 O-O 6. Qc2 Nbd7 7. O-O c5 8. cxd5 Nxd5 9. Nc3 cxd4 10. Nxd5 exd5 11. Nxd4 Nf6 12. Bf4 Bd6 13. Bxd6 Qxd6 14. Rac1 Bd7 15. Qb3 Bc6 16. e3 Rfe8 17. Rc2 Rac8 18. Rfc1 a6 19. Nxc6 bxc6 20. Qb6 Nd7 21. Qxa6 Ne5 22. b3 g6 23. h3 Ra8 24. Qe2 Rec8 25. f4 Nd7 26. Qd3 Ra5 27. Qd4 Qe6 28. Kh2 h5 29. b4 Ra3 30. Bxd5 Qxe3 31. Qxe3 Rxe3 32. Rxc6 Re2+ 33. Kg1 Rxc6 34. Rxc6 Kg7 35. Rc7 Re7 36. Bc6 1-0

[Event "Turkish Cup 2022"]
[Site "Sakarya"]
[Date "2022.03.29"]
[Round "7.40"]
[White "Aydogdu, Aril"]
[Black "Sahin, Huseyin"]
[Result "0-1"]
[ECO "B10"]
[WhiteElo "1622"]
[BlackElo "1788"]
[Annotator "COMBH"]
[PlyCount "80"]
[EventDate "2022.03.25"]
[EventType "swiss"]
[EventCountry "TUR"]
[SourceTitle "playchess.com"]
[Source "ChessBase"]
[SourceQuality "1"]
[TimeControl "5400+30"]

1. e4 c6 2. Nf3 d5 3. exd5 cxd5 4. Ne5 Nc6 5. d4 Nf6 6. f4 Bf5 7. c3 e6 8. Bd3 Bxd3 9. Qxd3 Bd6 10. Nd2 O-O 11. O-O Qb6 12. Ndf3 Bxe5 13. Nxe5 Nxe5 14. fxe5 Ne4 15. Qe2 Rae8 16. Rf3 f6 17. Bf4 f5 18. Rh3 Rf7 19. Rf1 a5 20. Bc1 Qc6 21. Rhf3 b5 22. g4 g6 23. a3 Qc4 24. Qg2 Kh8 25. Qc2 Rc7 26. gxf5 gxf5 27. Rd1 Rg8+ 28. Kh1 b4 29. axb4 axb4 30. Rg1 Rxg1+ 31. Kxg1 bxc3 32. bxc3 Nxc3 33. Kg2 Qxd4 34. Bb2 Qg4+ 35. Rg3 Qe4+ 36. Qxe4 Nxe4 37. Rb3 Rg7+ 38. Kh3 Rg4 39. Rb8+ Kg7 40. Rb7+ Kg6 0-1

[Event "Turkish Cup 2022"]
[Site "Sakarya"]
[Date "2022.03.29"]
[Round "7.41"]
[White "Pehlivan, Mert"]
[Black "Durucay, Uygar"]
[Result "1/2-1/2"]
[ECO "B10"]
[WhiteElo "1573"]
[BlackElo "1700"]
[Annotator "NA"]
[PlyCount "112"]
[EventDate "2022.03.25"]
[EventType "swiss"]
[EventCountry "TUR"]
[SourceTitle "playchess.com"]
[Source "ChessBase"]
[SourceQuality "1"]
[TimeControl "5400+30"]

1. e4 c6 2. d3 d5 3. Nd2 e5 4. Ngf3 Bd6 5. g3 Nf6 6. Bg2 O-O 7. O-O h6 8. d4 dxe4 9. Nxe5 Bf5 10. Ndc4 Bc7 11. c3 Nbd7 12. f4 exf3 13. Qxf3 Bh7 14. Nxd7 Nxd7 15. Ne3 f5 16. Nc4 Nf6 17. Bf4 Nd5 18. Bxc7 Qxc7 19. Ne3 Nxe3 20. Qxe3 Rae8 21. Qd2 Bg6 22. c4 Bh5 23. Rae1 Rxe1 24. Rxe1 Rd8 25. d5 cxd5 26. cxd5 Bf7 27. Rd1 Qd6 28. Qf2 Qe5 29. Qd4 Qxd4+ 30. Rxd4 Rd6 31. Rc4 Rd7 32. Rd4 Kf8 33. d6 Be6 34. Kf2 Kf7 35. Ke3 Kf6 36. a4 Ke5 37. a5 b6 38. axb6 axb6 39. b4 Rxd6 40. Rxd6 Kxd6 41. Kd4 Bd7 42. Bf1 Bc6 43. Bd3 g6 44. h4 Ke6 45. Bc4+ Kf6 46. Be2 g5 47. hxg5+ hxg5 48. Bd3 f4 49. gxf4 gxf4 50. Bf1 Kg5 51. Ke5 Kg4 52. Kd6 Ba4 53. b5 Kg3 54. Kc7 f3 55. Kxb6 Bd1 56. Kc7 f2 1/2-1/2

[Event "Turkish Cup 2022"]
[Site "Sakarya"]
[Date "2022.03.29"]
[Round "7.42"]
[White "Gok, Emre"]
[Black "Celik, Ege Yigit"]
[Result "1/2-1/2"]
[ECO "A48"]
[WhiteElo "1745"]
[BlackElo "1466"]
[Annotator "COMBH"]
[PlyCount "158"]
[EventDate "2022.03.25"]
[EventType "swiss"]
[EventCountry "TUR"]
[SourceTitle "playchess.com"]
[Source "ChessBase"]
[SourceQuality "1"]
[TimeControl "5400+30"]

1. b3 Nf6 2. Bb2 g6 3. Nf3 Bg7 4. d4 O-O 5. e3 d6 6. Bd3 Nc6 7. O-O e5 8. dxe5 Ng4 9. Nc3 Ngxe5 10. Be2 Re8 11. Nd4 Nxd4 12. exd4 Nc6 13. d5 Nd4 14. Bd3 Bf5 15. Bxf5 Nxf5 16. Qd3 Qe7 17. Rad1 a6 18. Na4 b5 19. Bxg7 Kxg7 20. Nc3 b4 21. Nb1 Qe2 22. Rd2 Qe5 23. c3 Rab8 24. cxb4 Rxb4 25. Qc3 Rd4 26. Qxc7 Qxd5 27. Nc3 Qe6 28. Rxd4 Nxd4 29. Qa7 Nb5 30. Nxb5 axb5 31. g3 Qd5 32. Qa5 h5 33. Qc3+ Kg8 34. h4 Re4 35. Rc1 b4 36. Qf6 Qe6 37. Qd8+ Qe8 38. Rc8 Qxd8 39. Rxd8+ Kg7 40. Rxd6 Re2 41. Rd4 Rxa2 42. Rxb4 Rb2 43. Rb6 Kf8 44. Kg2 Ke7 45. Kf3 Kd7 46. Ke3 Kc7 47. Rb4 Kc6 48. f3 Kd6 49. Kf4 Ke6 50. Rb6+ Ke7 51. Rb7+ Kf6 52. b4 Rb1 53. Rb6+ Ke7 54. Kg5 Rb3 55. Kf4 Rb1 56. Rb8 Kf6 57. g4 hxg4 58. fxg4 Rf1+ 59. Kg3 Rb1 60. Rb6+ Kg7 61. h5 Rg1+ 62. Kh4 Rh1+ 63. Kg5 gxh5 64. gxh5 Rg1+ 65. Kf5 Rf1+ 66. Ke5 f5 67. h6+ Kh7 68. b5 f4 69. Ke4 Rf2 70. Rf6 Rb2 71. b6 Rb4+ 72. Kf3 Kh8 73. Kg4 Kh7 74. Kg5 f3 75. Rf7+ Kg8 76. h7+ Kh8 77. b7 f2 78. Kg6 Rb6+ 79. Kg5 Rxb7 1/2-1/2

[Event "Turkish Cup 2022"]
[Site "Sakarya"]
[Date "2022.03.29"]
[Round "7.45"]
[White "Gursu, Sungur"]
[Black "Basaran, Cahit"]
[Result "1-0"]
[ECO "C21"]
[WhiteElo "1562"]
[BlackElo "1782"]
[Annotator "NA"]
[PlyCount "131"]
[EventDate "2022.03.25"]
[EventType "swiss"]
[EventCountry "TUR"]
[SourceTitle "playchess.com"]
[Source "ChessBase"]
[SourceQuality "1"]
[TimeControl "5400+30"]

1. e4 e5 2. d4 exd4 3. c3 dxc3 4. Bc4 d6 5. Nxc3 Nf6 6. Qb3 Qe7 7. Bg5 c6 8. O-O-O Nbd7 9. Nf3 Nc5 10. Qc2 Be6 11. Bxe6 Qxe6 12. Rhe1 Ncd7 13. Nd5 O-O-O 14. Kb1 Kb8 15. Nf4 Qe8 16. Nd3 h6 17. e5 dxe5 18. Ndxe5 Nxe5 19. Rxe5 Rxd1+ 20. Qxd1 Be7 21. Bf4 Kc8 22. Qe1 Nd5 23. Rxd5 cxd5 24. Qe5 Qd8 25. Qb8+ Kd7 26. Qxb7+ Ke8 27. Qxa7 Qd7 28. Qb8+ Bd8 29. Qe5+ Kf8 30. Qd6+ Qxd6 31. Bxd6+ Ke8 32. Bc5 Bf6 33. b4 Kd7 34. a4 Be7 35. Bxe7 Kxe7 36. Kc2 Kd6 37. Kb3 Re8 38. Nd4 Re1 39. a5 g6 40. Nb5+ Kc6 41. Nd4+ Kb7 42. b5 Rc1 43. Nc6 Rg1 44. Kb4 Rxg2 45. Kc5 Rxf2 46. a6+ Ka8 47. b6 Rb2 48. b7+ Rxb7 49. axb7+ Kxb7 50. Kxd5 g5 51. Nd8+ Kc7 52. Nxf7 Kd7 53. Nxh6 Ke7 54. Ke5 Kf8 55. Kf6 g4 56. Nxg4 Kg8 57. Kg6 Kh8 58. h4 Kg8 59. h5 Kh8 60. Ne5 Kg8 61. h6 Kh8 62. Nf7+ Kg8 63. h7+ Kf8 64. h8=Q+ Ke7 65. Qd8+ Ke6 66. Qd6# 1-0